Map: Abiogenesis LE

Players

Orakimo

  • Race: Protoss Protoss
  • Spawn Location: 11:00

Kallestål

  • Race: Protoss Protoss
  • Spawn Location: 5:00

VOD

Have the link to the VOD?

Description

I hope this will entertain people. The event unfolding is pretty rare.

Time

  • Played on: March 14, 2018, 9:53 a.m.
  • Length: 11:31
Show
View Real Time Build Order
Export as new Build Order

Orakimo Protoss 

Build Orders:  

Get SALT Encoding   

  12  0:11  Probe  
  13  0:23  Probe  
  14  0:30  Pylon  
  14  0:35  Probe  
  15  0:48  Probe  
  15  0:49  Forge  
  16  0:59  Gateway  
  16  1:06  Probe  
  17  1:14  Pylon  
  17  1:18  Probe  
  18  1:34  Photon Cannon  
  18  1:38  Photon Cannon  
  18  1:49  Cybernetics Core  
  18  2:00  Photon Cannon  
  18  2:05  Pylon  
  18  2:23  Photon Cannon  
  18  2:25  Photon Cannon  
  18  2:35  Pylon  
  18  2:41  Photon Cannon  
  18  2:52  Pylon  
  18  2:59  Photon Cannon  
  18  3:12  Photon Cannon  
  18  3:20  Shield Battery  
  18  3:30  Photon Cannon  
  18  3:36  Photon Cannon  
  5  6:48  Assimilator  
Show
View Real Time Build Order
Export as new Build Order

Kallestål Protoss 

Build Orders:  

Get SALT Encoding   

  12  0:01  Probe  
  13  0:13  Probe (Chrono Boost)  
  14  0:25  Probe (Chrono Boost)  
  15  0:35  Pylon  
  15  0:53  Probe  
  16  1:05  Probe  
  17  1:17  Probe  
  18  1:22  Pylon  
  18  1:29  Probe  
  19  1:41  Probe  
  19  1:44  Gateway x2  
  19  1:46  Gateway  
  20  1:47  Gateway  
  20  1:49  Gateway  
  20  1:53  Probe  
  21  1:57  Pylon  
  21  2:06  Probe  
  21  2:23  Probe  
  21  2:24  Pylon  
  22  2:30  Zealot (Chrono Boost)  
  22  2:31  Zealot (Chrono Boost)  
  28  2:38  Zealot (Chrono Boost)  
  28  2:42  Zealot (Chrono Boost)  
  30  2:48  Forge, Zealot (Chrono Boost)  
  32  2:58  Zealot  
  34  2:59  Zealot x2  
  38  3:06  Probe  
  39  3:35  Zealot  
  39  3:43  Probe, Zealot  
  39  3:47  Photon Cannon  
  39  3:48  Photon Cannon  
  36  3:50  Photon Cannon  
  36  3:51  Zealot x2  
  30  4:12  Zealot  
  23  6:12  Zealot  
Tags
 
Matchup
PvP
Spawn Locations
Cross Positions
Add a new tag
Caveats
  • Supply blocks, unpowered buildings, or Contaminate may cause inaccurate times.
  • Supply counts are checked every 10 seconds.